 Dungeon Crawl Stone Soup version 0.31-a0-667-g39726597b9 (webtiles) character file.

Game seed: 5886577711710302196

23 Essalna the Conjurer (level 2, -2/21 HPs)
             Began as a Demonspawn Conjurer on Sept 4, 2023.
             Slain by a centaur (4 damage)
             ... on level 3 of the Dungeon.
             The game lasted 00:02:11 (991 turns).

Essalna the Conjurer (Demonspawn Conjurer)           Turns: 991, Time: 00:02:11

Health: -2/21      AC:  5    Str:  7    XL:     2   Next: 75%
Magic:  2/5        EV: 12    Int: 19    God:
Gold:   92         SH:  0    Dex: 11    Spells: 2/5 levels left

rFire   + . .        k - +3 whip "Jipro" {elec, rF+ rN+}
rCold   . . .        (no shield)
rNeg    + . .        a - +0 robe
rPois   .            (no helmet)
rElec   .            (no cloak)
rCorr   .            i - +0 pair of gloves
SInv    .            (no boots)
Will    .....        h - amulet of magic regeneration
Stlth   ++           (no ring)
HPRegen 0.23/turn    (no ring)
MPRegen 0.49/turn

%: no passive effects
@: no status effects
A: thin metallic scales 1
a: no special abilities


You were on level 3 of the Dungeon.
You visited 1 branch of the dungeon, and saw 3 of its levels.

You collected 92 gold pieces.

Inventory:

Hand Weapons
 g - a +0 whip
 k - the +3 whip "Jipro" (weapon) {elec, rF+ rN+}
   (You found it on level 2 of the Dungeon)

   rF+:       It protects you from fire.
   rN+:       It protects you from negative energy.
Armour
 a - a +0 robe (worn)
 i - a +0 pair of gloves (worn)
Jewellery
 h - an amulet of magic regeneration (around neck)
Scrolls
 c - a scroll of teleportation
 f - 2 scrolls of identify {unknown}
Potions
 b - a potion of magic
 d - a potion of might {unknown}
 e - a potion of brilliance {unknown}
 j - a potion of curing {unknown}
 l - a potion of attraction {unknown}
 m - a potion of degeneration {unknown}


   Skills:
 + Level 1.2 Fighting
 - Level 1.7 Dodging
 - Level 1.7 Stealth
 + Level 2.4 Spellcasting
 + Level 4.2 Conjurations


You had 2 spell levels left.
You knew the following spells:

 Your Spells              Type           Power      Damage    Failure   Level
a - Magic Dart            Conj           72%        1d6       2%          1
b - Searing Ray           Conj           36%        2d5       4%          2

Your spell library contained the following spells:

 Spells                   Type           Power      Damage    Failure   Level
 Dazzling Flash           Conj/Hex       20%        N/A       21%         3
 Fulminant Prism          Conj/Hex       5%         3d6       54%         4
 Iskenderun's Mystic Bla  Conj/Tloc      10%        2d4       54%         4


Dungeon Overview and Level Annotations

Branches:
Dungeon (2/15)

Altars:
Ashenzari

Annotations:
D:3 1 runed translucent door, Crazy Yiuf


Innate Abilities, Weirdness & Mutations

You are partially covered in thin metallic scales. (AC +2)


Message History

There's nothing to open nearby.
There's nothing to open nearby.
There's nothing to open nearby.
There's nothing to open nearby.
There's nothing to open nearby.
You now have 92 gold pieces (gained 10).
A centaur comes into view.
The centaur shouts!
The centaur wields a +0 orcbow.
The centaur shoots an arrow.
The arrow hits you!
Ouch! That really hurt!
The centaur unwields a +0 orcbow.
The centaur closely misses you.
The centaur kicks you but does no damage.
The centaur hits you but does no damage.
The centaur kicks you but does no damage.
Casting: Magic Dart (safe; 2% risk of failure)
Confirm with . or Enter, or press ? or * to list all spells.
Aiming: Searing Ray (safe; 4% risk of failure)
Press: ? - help, Shift-Dir - straight line, f - centaur
Aim: a centaur (87% to hit)
The searing ray hits the centaur.
The centaur is lightly wounded. (Press . to maintain the ray.)
The centaur closely misses you.
The centaur kicks you but does no damage.
The searing ray hits the centaur!
The centaur is heavily wounded.
The centaur hits you.
* * * LOW HITPOINT WARNING * * *
The centaur kicks you but does no damage.
The centaur barely misses you. The centaur kicks you.
* * * LOW HITPOINT WARNING * * *
The searing ray hits the centaur.
The centaur is severely wounded.
The centaur closely misses you. x2
The searing ray hits the centaur.
The centaur is almost dead.
You finish channelling your searing ray.
The centaur hits you.
You die...

#.# #....
#.# #####
#.#
###.########
#...........
#.#.########
####.#.#
#....#.#
#@####..
#.c......
#######.. ..


You could see a centaur.

Vanquished Creatures
  An orc (D:3)
  6 ball pythons (D:1)
  A bat (D:1)
  3 endoplasms
  A giant cockroach (D:1)
  A hobgoblin (D:2)
  2 quokkas (D:1)
  A frilled lizard (D:2)
  A kobold (D:2)
  3 rats
20 creatures vanquished.

Notes
Turn   | Place    | Note
-------+----------+-------------------------------------------
     0 | D:1      | Essalna the Demonspawn Conjurer began the quest for the
                  | Orb.
     0 | D:1      | Reached XP level 1. HP: 13/13 MP: 3/3
   322 | D:1      | Gained mutation: You are partially covered in thin metallic
                  | scales. (AC +2) [demonic ancestry]
   322 | D:1      | Reached XP level 2. HP: 20/20 MP: 1/5
   515 | D:1      | Reached skill level 1 in Fighting
   821 | D:2      | Found a broken altar of Ashenzari.
   824 | D:2      | Identified the +3 whip "Jipro" {elec, rF+ rN+}
   860 | D:2      | You fall into a shaft and drop 1 floor!
   926 | D:3      | Found a runed translucent door.
   927 | D:3      | Noticed Crazy Yiuf
   972 | D:3      | Learned a level 2 spell: Searing Ray
   986 | D:3      | Noticed a centaur
   991 | D:3      | Slain by a centaur

Illustrated notes

Levels and vault maps discovered:
D:1:      amcnicky_arrival_wind_blow, layout_basic
D:2:      layout_basic, basic_altar, hangedman_decor_peaks_small,
          minmay_pentomino_w2, uniq_natasha, uniq_sigmund
D:3:      layout_loops_ring, hellmonk_ecumenical_altar_blasted,
          uniq_crazy_yiuf_cottage, uniq_terence, uniq_grinder

Skill      XL: |  1  2 |
---------------+-------+-----
Fighting       | 1 |  1.2
Dodging        | |  1.7
Stealth        | |  1.7
Spellcasting   | |  2.4
Conjurations   | |  4.2

Action                     || total
---------------------------++-------
  Melee: Whip              ||     1
   Cast: Magic Dart        ||    36
         Searing Ray       ||     1
    Use: Scroll            ||     2
 Armour: Robe              ||     9
  Dodge: Dodged            ||     7

Table legend: (Time is in decaauts)
 A = Elapsed time spent in this place.
 B = Non-inter-level travel time spent in this place.
 C = Inter-level travel time spent in this place.
 D = Time resting spent in this place.
 E = Time spent auto-exploring this place.
 F = Levels seen in this place.
 G = Mean time per level.
                   A        B        C        D        E       F      G
               +--------+--------+--------+--------+--------+-----+--------+
         Total |    989 |    950 |     39 |      0 |    822 |   3 |  329.7 |
       Dungeon |    989 |    950 |     39 |      0 |    822 |   3 |  329.7 |
               +--------+--------+--------+--------+--------+-----+--------+

Top non-repeatable levels by time:
     D:1: 780 daAuts
     D:3: 130 daAuts
     D:2: 78 daAuts
